 Dungeon Crawl Stone Soup version 0.31.0-1-g2c135a008e (webtiles) character file.

Game seed: 3401269738687965919

58 qw the Shooter (level 4, -1/34 HPs)
             Began as a Djinni Hunter on Jan 23, 2024.
             Slain by a goblin
             ... wielding a +0 club
             ... led by Robin
              (5 damage)
             ... on level 2 of the Dungeon.
             The game lasted 00:00:05 (721 turns).

qw the Shooter (Djinni Hunter)                       Turns: 721, Time: 00:00:06

Health: -1/34      AC:  3    Str: 10    XL:     4   Next: 21%
Gold:   83         EV: 12    Int: 11    God:
                   SH:  0    Dex: 18

rFire   + + .        a - +1 shortbow
rCold   x . .        (shield currently unavailable)
rNeg    . . .        c - +0 leather armour
rPois   inf          (no helmet)
rElec   .            (no cloak)
rCorr   .            (no gloves)
SInv    .            (boots unavailable)
Will    .....        (no amulet)
Stlth   ++           (no ring)
HPRegen 0.25/turn    (no ring)
MPRegen 0.00/turn

%: infuse magic (-2 HP)
@: flying
A: sickness immunity, fire resistance 2, cold vulnerability 1, float, innate
caster, HP casting, extra vitality 1
a: no special abilities


You were on level 2 of the Dungeon.
You visited 1 branch of the dungeon, and saw 2 of its levels.

You collected 83 gold pieces.


Innate Abilities, Weirdness & Mutations

You are immune to sickness and miasma.
You are immune to poison.
Your flesh is very heat resistant. (rF++)
You are vulnerable to cold. (rC-)
You float through the air rather than walking.
You learn spells naturally, not from books.
Your magical power is your life essence.
You have superior vitality. (+4 MHP)


   Skills:
 + Level 2.5 Fighting
 - Level 4.3 Ranged Weapons
 - Level 2.1 Dodging
 - Level 0.7 Stealth


You knew the following spells:

 Your Spells              Type           Power      Damage    Failure   Level
a - Necrotise             Necr           0%         1d4       43%         1
Your spell library was empty.

Inventory:

Hand Weapons
 a - a +1 shortbow (weapon)
Armour
 b - a +2 robe
 c - a +0 leather armour (worn)
Scrolls
 d - a scroll of amnesia {unknown}
 g - 2 scrolls of enchant armour
Potions
 e - a potion of haste {unknown}
 f - a potion of curing

Dungeon Overview and Level Annotations

Branches:
Dungeon (2/15)

Altars:

Annotations:
D:2 Robin, Terence


Message History

The goblin hits you with a +0 dagger. Robin throws the goblin at you!
The goblin barely misses you.
You shoot an arrow. The arrow closely misses the goblin.
Robin throws the goblin at you!
A hobgoblin comes into view.
The goblin hits you with a +0 club. The goblin hits you with a +0 dagger.
The goblin misses you. The goblin hits you with a +0 dagger.
A goblin comes into view. It is wielding a +0 club.
You shoot an arrow. The arrow closely misses the goblin.
The goblin shouts!
The goblin hits you with a +0 club. The goblin hits you with a +0 dagger.
The goblin closely misses you. The goblin barely misses you.
The goblin closely misses you.
The goblin hits you but does no damage. x2
The goblin misses you.
You shoot an arrow.
The arrow hits the goblin but does no damage.
The goblin barely misses you. The goblin hits you with a +0 club.
The goblin barely misses you. The goblin hits you with a +0 dagger.
You shoot an arrow. The arrow hits the goblin.
You kill the goblin!
The goblin hits you with a +0 dagger. The goblin barely misses you.
The goblin hits you with a +0 club.
A goblin comes into view. It is wielding a +0 club.
You shoot an arrow. The goblin shouts!
The arrow hits Robin.
Robin is moderately wounded.
The goblin no longer looks unusually strong.
The goblin misses you. The goblin closely misses you.
The goblin barely misses you.
Robin roars a battlecry!
The goblin goes into a battle-frenzy!
You shoot an arrow.
The arrow hits Robin but does no damage.
Robin is moderately wounded.
The goblin no longer looks unusually strong.
The goblin barely misses you. x2; Robin hits you with a +0 dagger.
The goblin hits you but does no damage. The goblin hits you with a +0 dagger.
The goblin hits you with a +0 club.
You die...

#### ...# . ....
...# ... ###..# .
##.# #....#####..
...# #.......gg .#
#....gg. .#
#.#g)g# .#
#.#g@g##### .#
#.#####.#.........
.#
#.......)..##)####
.#
#####...........
.# #.#..########
.# #.##.# .#
#.##.# .# #.##.#
.# #.##.#


You could see Robin, a hobgoblin (strong) and 6 goblins.

Vanquished Creatures
  Jessica (D:2)
  An adder (D:2)
  8 goblins
  2 hobgoblins (D:1)
  A quokka (D:1)
  4 ball pythons (D:1)
  A frilled lizard (D:2)
  5 kobolds (D:1)
  A rat (D:1)
24 creatures vanquished.

Notes
Turn   | Place    | Note
-------+----------+-------------------------------------------
     0 | D:1      | qw the Djinni Hunter began the quest for the Orb.
     0 | D:1      | Reached XP level 1. HP: 18/18 MP: 0/0
     0 | D:1      | 0 ||| qw: Version: 0.3-a-132-g3d54051
     0 | D:1      | 0 ||| qw: Game counter: 574
     0 | D:1      | 0 ||| qw: Melee chars always use a shield: true
     0 | D:1      | 0 ||| qw: God list: Okawaru
     0 | D:1      | 0 ||| qw: Allow faded altars: false
     0 | D:1      | 0 ||| qw: Do Orc after clearing Dungeon:15 true
     0 | D:1      | 0 ||| qw: Do second Lair branch before Depths: true
     0 | D:1      | 0 ||| qw: Lair rune preference: random
     0 | D:1      | 0 ||| qw: Goals: Normal
     0 | D:1      | 0 ||| PLANNING D:1-11
     0 | D:1      | 0 ||| qw: Version: 0.3-a-132-g3d54051
     0 | D:1      | 0 ||| qw: Game counter: 575
     0 | D:1      | 0 ||| qw: Melee chars always use a shield: true
     0 | D:1      | 0 ||| qw: God list: Okawaru
     0 | D:1      | 0 ||| qw: Allow faded altars: false
     0 | D:1      | 0 ||| qw: Do Orc after clearing Dungeon:15 true
     0 | D:1      | 0 ||| qw: Do second Lair branch before Depths: true
     0 | D:1      | 0 ||| qw: Lair rune preference: random
     0 | D:1      | 0 ||| qw: Goals: Normal
     0 | D:1      | 0 ||| PLANNING D:1-11
   136 | D:1      | Reached XP level 2. HP: 23/23 MP: 0/0
   504 | D:1      | 504 ||| DROPPING scarf of shadows.
   505 | D:1      | 505 ||| READING 3 scrolls labelled XOSUM NIVYSAITH.
   505 | D:1      | 505 ||| IDENTIFYING puce potion
   506 | D:1      | 506 ||| READING 2 scrolls of identify.
   506 | D:1      | 506 ||| IDENTIFYING scroll labelled XOHUUCO GEICI
   507 | D:1      | 507 ||| READING scroll of enchant weapon.
   507 | D:1      | 507 ||| ENCHANTING +0 shortbow.
   508 | D:1      | 508 ||| READING scroll of identify.
   508 | D:1      | 508 ||| IDENTIFYING scroll labelled VIUDGH BEFEPAH
   509 | D:1      | 509 ||| DROPPING scroll of butterflies.
   526 | D:2      | Noticed Jessica
   532 | D:2      | Killed Jessica
   533 | D:2      | Reached skill level 4 in Ranged Weapons
   533 | D:2      | Reached XP level 3. HP: 20/28 MP: 0/0
   533 | D:2      | Learned a level 1 spell: Necrotise
   533 | D:2      | 533 ||| FLEEEEING.
   539 | D:2      | 539 ||| STAIRDANCE
   566 | D:1      | 566 ||| READING scroll labelled GICOXUSISO.
   593 | D:2      | Noticed Terence
   702 | D:2      | Reached XP level 4. HP: 34/34 MP: 0/0
   709 | D:2      | Noticed Robin
   719 | D:2      | HP: 7/34 [goblin/+0 dagger[Robin] (5)]
   721 | D:2      | Slain by a goblin

Levels and vault maps discovered:
D:1:      sevenhm_arrival_forest_fort_small_3, layout_rooms
D:2:      layout_loops_ring, uniq_robin, uniq_jessica, uniq_terence

Skill      XL: |  1  2 |
---------------+-------+-----
Ranged Weapons | 4 |  4.3
Fighting       | |  2.5
Dodging        | |  2.1
Stealth        | |  0.7

Action                     |  1- 3 |  4- 6 || total
---------------------------+-------+-------++-------
   Fire: Shortbow          |    57 |    15 ||    72
    Use: Scroll            |     5 |       ||     5
 Armour: Leather armour    |    12 |    20 ||    32
  Dodge: Dodged            |    10 |    14 ||    24

Table legend:
 A = Non-vault XP
 B = Vault XP
 C = Vault XP percentage of total XP
 D = Non-vault monster count
 E = Vault monster count
 F = Vault count percentage of total count
                 A         B        C        D         E       F
            +---------+---------+-------+---------+---------+-------
      Total |      41 |      43 |  51.2 |      19 |       5 |  20.8
            +---------+---------+-------+---------+---------+-------
        D:1 |      24 |       0 |   0.0 |      16 |       0 |   0.0
        D:2 |      17 |      43 |  71.7 |       3 |       5 |  62.5
            +---------+---------+-------+---------+---------+-------
